Cogmind - Beta 15 @@@ ROGUE MODE // 2025.08.07 @ 17:28:35 Player: BattleBruvva Result: Destroyed by PN-1Q0(j) with Overtuned Pulse Rifle Performance ------------- Evolutions (0) 0 Regions Visited (3) 600 Robots Destroyed (20) 100 Value Destroyed (447) 447 Prototype IDs (9) 180 Alien Tech Used (0) 0 Bonus (783) 783 TOTAL SCORE: 2110 Bonus ------- Registered with UFD 300 Met Optimus in HQ 500 Friendly Fire -17 Cogmind --------- Core Integrity 0/250 Matter 280/300 Energy 79/100 System Corruption 0% Temperature Cool (12) Movement Rolling (115) Ox1 Location -7/Scraptown Parts ------- > --- POWER (1) -------- (None) > --- PROPULSION (2) --- Compact Wheel > --- UTILITY (2) ------ Large Storage Unit > --- WEAPON (2) ------- Powered Hammer Mining Claw > --- INVENTORY (15) --- Ion Engine Light Nuclear Core Improved Titanium Leg Scrap Suit High-capacity Matter Pod (120) Experimental Terrain Scanner Surveybot 17 Chip Targeting Computer Hacking Suite System Restoration Module Mapping Drone Bay (3/3) Riot Gun Light Assault Rifle Grenade Launcher Peak State ------------ > --- POWER ------------ Light Nuclear Core > --- PROPULSION ------- Wheel Compact Wheel > --- UTILITY ---------- Large Storage Unit Experimental Terrain Scanner > --- WEAPON ----------- Powered Hammer Mining Claw > --- INVENTORY -------- Ion Engine Light Nuclear Core Improved Titanium Leg Scrap Suit Small Storage Unit High-capacity Matter Pod Surveybot 17 Chip Targeting Computer Hacking Suite System Restoration Module Mapping Drone Bay Riot Gun Light Assault Rifle Grenade Launcher [Rating: 24] Favorites ----------- Power Light Nuclear Core Engine Ion Engine Power Core Light Nuclear Core Propulsion Wheel Treads Light Treads Wheel Wheel Utility Large Storage Unit Device Improved Terrain Scanner Storage Large Storage Unit Protection Scrap Shield Weapon Mining Claw Energy Gun Small Laser Ballistic Gun Light Assault Rifle Ballistic Cannon Battle Cannon Launcher Grenade Launcher Special Weapon CPS Tube Impact Weapon Hammer Slashing Weapon Mining Claw Build | -11 -10 -10 -7 ------- Run | Yrd Mat Sub Scr Slots Evolved . | . . . . Power . | . . . . Propulsion . | . . . . Utility . | . . . . Weapon . | . . . . Parts Attached 33 | 7 11 10 5 Power 5 | 1 3 1 . Engine 4 | 1 3 . . Core 1 | . . 1 . Reactor . | . . . . Propulsion 7 | 2 2 3 . Treads 3 | . 2 1 . Leg . | . . . . Wheel 4 | 2 . 2 . Hover . | . . . . Flight . | . . . . Utility 9 | 2 3 1 3 Device 5 | 1 1 1 2 Storage 3 | 1 2 . . Processor . | . . . . Hackware . | . . . . Protection 1 | . . . 1 Artifact . | . . . . Weapon 12 | 2 3 5 2 Energy Gun 4 | 1 2 1 . Energy Cannon . | . . . . Ballistic Gun 2 | 1 1 . . Ballistic Cannon 1 | . . 1 . Launcher 1 | . . 1 . Special Weapon 1 | . . . 1 Impact Weapon 2 | . . 1 1 Slashing Weapon 1 | . . 1 . Piercing Weapon . | . . . . Special Melee Weapon . | . . . . Unidentified Prototypes . | . . . . Parts Lost 10 | . 5 3 2 Power 3 | . 2 . 1 Propulsion 4 | . 1 2 1 Utility 1 | . 1 . . Weapon 2 | . 1 1 . Highest Loss Streak 3 | . 3 1 1 To Critical Strikes . | . . . . Average Backups 12 | 2 10 13 13 Power 1 | . 1 2 1 Propulsion 1 | 1 2 1 . Utility 5 | . 3 5 7 Weapon 3 | . 3 4 3 Tool/Special . | . . . . Unused Backups 8 | . . . 8 Power 1 | . . . 1 Propulsion 1 | . . . 1 Utility 6 | . . . 6 Weapon . | . . . . Tool/Special . | . . . . Average Slot Usage (%) 94 | . 97 91 94 Engine 6 | . 13 12 . Core 7 | . . 1 13 Treads 9 | . 22 17 . Wheel 16 | . 4 2 27 Device 12 | . 11 12 13 Storage 14 | . 14 15 14 Energy Gun 3 | . 14 2 . Ballistic Gun 4 | . 13 6 . Ballistic Cannon 3 | . . 11 . Impact Weapon 7 | . . 4 11 Slashing Weapon 6 | . . 2 11 Peak Build Rating 24 | 7 9 16 24 Average Rating 13 | 4 7 12 17 On Entrance 7 | . 7 9 15 Naked Turns . | . . . . Heaviest Build 33 | 13 31 33 32 Greatest Support 40 | 20 40 40 26 Greatest Overweight (x) 2 | . 2 1 1 Average Overweight (x) . | . . . . Largest Inventory Capacity 15 | 8 15 15 15 Average Capacity 14 | 5 14 15 14 Most Carried 15 | 5 15 15 15 Average Carried 13 | 2 10 14 14 Final Capacity 15 | 8 15 15 15 Final Carried 15 | 5 14 13 15 Class Distribution -------------------- 100% | Mutant Dominant Class ---------------- Mutant | -10/Materials Mutant | -10/Subcaves Mutant | -7/Scraptown Resources | -11 -10 -10 -7 ----------- Run | Yrd Mat Sub Scr Matter Collected 945 | 213 431 89 212 Remotely . | . . . . Salvage Created 671 | 101 516 54 . Parts 39 | 6 25 8 . Haulers Intercepted . | . . . . Recyclers Shooed 1 | . 1 . . Parts Field Recycled . | . . . . Retrieved Matter . | . . . . Parts Self-Destructed 7 | . . 7 . Prevented . | . . . . Kills | -11 -10 -10 -7 ------- Run | Yrd Mat Sub Scr Combat Hostiles Destroyed 15 | . 11 4 . Guns 14 | . 10 4 . Classes Destroyed 7 | 2 4 1 . Worker 1 | . 1 . . Tunneler 1 | 1 . . . Recycler 2 | 1 1 . . Operator 1 | . 1 . . Swarmer 6 | . 3 3 . Grunt 8 | . 8 . . Subdweller 1 | . . 1 . Best Kill Streak 3 | 2 3 3 . Combat Bots Only 3 | . 2 3 . Max Kills in Single Turn 2 | 1 2 1 . Gunslinging . | . . . . Exploded . | . . . . Melee . | . . . . Uniques/NPCs Destroyed . | . . . . Combat | -11 -10 -10 -7 -------- Run | Yrd Mat Sub Scr Hostile Shots Fired 112 | . 67 29 16 Missed 22 | . 8 11 3 Hits 90 | . 59 18 13 Projectile 90 | . 59 18 13 Critical Strikes 1 | . 1 . . Damage Taken 1334 | . 741 417 176 Core 251 | . 87 120 44 Absorbed by Shields . | . . . . Core Remaining (%) 100 | 100 . . . Volleys Fired 78 | 5 63 10 . Largest 2 | 2 2 2 . Hottest 80 | 60 70 80 . Shots Fired 153 | 10 124 19 . Gun 146 | 10 124 12 . Cannon 5 | . . 5 . Launcher 2 | . . 2 . Special . | . . . . Kinetic 79 | 5 64 10 . Thermal 70 | 5 60 5 . Explosive 2 | . . 2 . Electromagnetic 2 | . . 2 . Robot Hit Streak 14 | 4 14 6 . Robot Miss Streak 4 | 3 4 3 . Penetration Max . | . . . . Secondary Targets 1 | . . 1 . Max Gunslinging Chain 1 | . . 1 . Shots Hit Robots 104 | 5 89 7 3 Core Hits 41 | 3 33 5 . Critical Kills 1 | . 1 . . Critical Parts Destroyed . | . . . . Critical Strikes 4 | . 3 1 . Burn 2 | . 2 . . Destroy 1 | . 1 . . Blast 1 | . . 1 . Melee Attacks 18 | . . 9 9 Impact 10 | . . 3 7 Slashing 8 | . . 6 2 Piercing . | . . . . Sneak Attacks . | . . . . Combat Hostiles . | . . . . Follow-up Attacks . | . . . . Damage Inflicted 1258 | 48 889 186 135 Guns 1015 | 48 884 83 . Cannons 68 | . . 68 . Explosions 35 | . . 35 . Melee 135 | . . . 135 Ramming 5 | . 5 . . Kinetic 472 | 16 372 84 . Thermal 599 | 32 512 55 . Explosive 35 | . . 35 . Electromagnetic 12 | . . 12 . Impact 135 | . . . 135 Slashing . | . . . . Piercing . | . . . . Highest Corruption 3 | . 3 3 3 Average Corruption 2 | . 1 3 3 Corruption Purged . | . . . . Corruption Blocked . | . . . . Effects 30 | . 7 23 . Message Errors 5 | . 1 4 . Matter Fused 6 | . . 6 . Heat Flow Errors 3 | . . 3 . Energy Discharges 3 | . . 3 . Parts Fused 1 | . 1 . . Data Loss (minor) 1 | . 1 . . Data Loss (major) 3 | . . 3 . Misfires 4 | . 2 2 . Alerts 3 | . 1 2 . Weapon Failures 1 | . 1 . . Overload Shots . | . . . . Overflow Damage 54 | . . . 54 Projectiles . | . . . . Explosions . | . . . . Melee 54 | . . . 54 Knockbacks 3 | . . 1 2 Impact 2 | . . . 2 Kinetic 1 | . . 1 . Secondary . | . . . . Self-Inflicted Damage 2 | . 2 . . Shots . | . . . . Rammed 1 | . 1 . . Targets Rammed 1 | . 1 . . Kicked . | . . . . Crushed . | . . . . Highest Temperature 252 | 40 219 252 . Average Temperature 55 | 25 54 99 . Received Heat Transfer 492 | . 396 36 60 Siege Activations . | . . . . Martial Activations . | . . . . Shielding Activations . | . . . . Robots Disrupted . | . . . . Combat Hostiles . | . . . . Robots Corrupted . | . . . . Combat Hostiles . | . . . . Parts Fried . | . . . . Impact Corruptions 2 | . . . 2 Robots Melted 1 | . 1 . . Combat Hostiles 1 | . 1 . . Parts Melted 4 | . 3 1 . Heat Transferred 1723 | 75 1523 125 . Parts Sabotaged . | . . . . Parts Stolen . | . . . . Parts Stripped . | . . . . Power Chain Reactions . | . . . . Alert | -11 -10 -10 -7 ------- Run | Yrd Mat Sub Scr Maximum Alert Level . | . . . . Low Security (%) 100 | 100 100 . . Level 1 . | . . . . Level 2 . | . . . . Level 3 . | . . . . Level 4 . | . . . . Level 5 . | . . . . High Security . | . . . . Max Security . | . . . . Peak Influence 109 | 5 109 . . Initial . | . . . . Average 22 | 1 24 . . Influence Increases 408 | 10 328 70 . Destroy 0b10 Robot/C 280 | . 220 60 . Destroy 0b10 Robot/NC 25 | 10 15 . . Destroy Leader 60 | . 50 10 . Successful Hack 13 | . 13 . . Lose Combat Pursuer 30 | . 30 . . Influence Decreases 408 | 10 231 167 . Entered New Map 47 | . . 47 . Time Decay 321 | 10 201 110 . Lost Part 40 | . 30 10 . Squads Dispatched 1 | . 1 . . Investigation . | . . . . Extermination . | . . . . Reinforcement 1 | . 1 . . Assault . | . . . . Garrison . | . . . . Intercept . | . . . . Searches Triggered . | . . . . Construction Impeded . | . . . . Haulers Reinforced . | . . . . Active Scanning Responses . | . . . . Cargo Convoy Interrupts . | . . . . Stealth | -11 -10 -10 -7 --------- Run | Yrd Mat Sub Scr Distress Signals . | . . . . Communications Jammed . | . . . . Distress Signals . | . . . . Times Spotted 37 | . 23 4 10 Peak Tracking Total 3 | . 3 3 3 Tactical Retreats 2 | . 2 . . Traps | -11 -10 -10 -7 ------- Run | Yrd Mat Sub Scr Traps Triggered 9 | . 5 4 . Indirectly . | . . . . Trap Hack Attempts . | . . . . Triggered . | . . . . Disarmed . | . . . . Reprogrammed . | . . . . Reused . | . . . . Traps Extracted . | . . . . Installed . | . . . . Triggered . | . . . . Machines | -11 -10 -10 -7 ---------- Run | Yrd Mat Sub Scr Machines Disabled . | . . . . Max in Single Turn . | . . . . Machines Repaired . | . . . . Machines Dismantled . | . . . . Machines Sabotaged . | . . . . Overloaded Fab Kills . | . . . . Hacking | -11 -10 -10 -7 --------- Run | Yrd Mat Sub Scr Machines Accessed 7 | . 4 . 3 Terminals 4 | . 4 . . Fabricators . | . . . . Repair Stations . | . . . . Recycling Units . | . . . . Scanalyzers . | . . . . Garrison Access . | . . . . Total Hacks 34 | . 8 . 26 Successful 32 | . 6 . 26 Failed 2 | . 2 . . Catastrophic . | . . . . Database Lockouts . | . . . . Manual 6 | . 6 . . Terminals 8 | . 8 . . Fabricators . | . . . . Repair Stations . | . . . . Recycling Units . | . . . . Scanalyzers . | . . . . Garrison Access . | . . . . Terminal Hacks 28 | . 2 . 26 Record 21 | . . . 21 Part Schematic 1 | . 1 . . Robot Analysis 5 | . . . 5 Prototype ID Bank 1 | . 1 . . Fabricator Hacks . | . . . . Repair Station Hacks . | . . . . Recycling Unit Hacks . | . . . . Scanalyzer . | . . . . Garrison Access Hacks . | . . . . Unauthorized Hacks 4 | . 4 . . Terminals 4 | . 4 . . Botnet 4 | . 4 . . Fabricators . | . . . . Repair Stations . | . . . . Recycling Units . | . . . . Scanalyzers . | . . . . Garrison Access . | . . . . Data Cores Recovered . | . . . . Used . | . . . . Hacking Detections 1 | . 1 . . Full Trace Events . | . . . . Feedback Events . | . . . . Feedback Blocked . | . . . . Robot Schematics Acquired . | . . . . Robots Built . | . . . . Authchips . | . . . . Time . | . . . . Total Robot Build Rating . | . . . . Part Schematics Acquired 1 | . 1 . . Parts Built . | . . . . Authchips . | . . . . Time . | . . . . Total Part Build Rating . | . . . . Parts Repaired . | . . . . Time . | . . . . Parts Recycled . | . . . . Recycled Matter . | . . . . Retrieved Matter . | . . . . Retrieved Components . | . . . . Parts Scanalyzed . | . . . . Part Schematics Acquired . | . . . . Parts Damaged . | . . . . Bothacking | -11 -10 -10 -7 ------------ Run | Yrd Mat Sub Scr Used RIF Installer . | . . . . Robots Hacked . | . . . . Non-combat . | . . . . Combat . | . . . . Robot Hacks Applied . | . . . . Relay Couplers Released . | . . . . Fabnet Peak Effective % . | . . . . Robots Rewired . | . . . . Allies Hacked . | . . . . Hacks Repelled . | . . . . Allies | -11 -10 -10 -7 -------- Run | Yrd Mat Sub Scr Total Allies . | . . . . Largest Group . | . . . . Highest-Rated Group . | . . . . Highest-Rated Ally . | . . . . Total Orders . | . . . . Ally Attacks . | . . . . Total Damage . | . . . . Kills . | . . . . Allies Corrupted . | . . . . Allies Melted 1 | . . . 1 Intel | -11 -10 -10 -7 ------- Run | Yrd Mat Sub Scr Active Infowar (turns) 3932 | 28 756 1019 2129 Sensors 925 | . 632 . 293 Terrain 2855 | . . 1019 1836 Seismic 152 | 28 124 . . Robot Analysis Total 5 | . . . 5 Derelict Logs Recovered . | . . . . Drone Launches . | . . . . Drone Recoveries . | . . . . Exploration | -11 -10 -10 -7 ------------- Run | Yrd Mat Sub Scr Turns Passed 4368 | 76 925 1147 2220 Spaces Moved 3102 | 59 477 443 2123 Core 2 | 2 . . . Treads 695 | . 348 347 . Legs . | . . . . Wheels 2405 | 57 129 96 2123 Hover . | . . . . Flight . | . . . . Fastest Speed 50 | 50 80 105 90 Average Speed 121 | 78 142 197 101 Slowest Speed 260 | 80 160 260 115 Overloaded Moves . | . . . . Propulsion Burnouts . | . . . . Robots Hopped . | . . . . Potential Cave-ins . | . . . . Cave-ins Triggered . | . . . . Exploration Rate (%) 45 | 4 68 21 88 Regions Visited 3 Branch Regions 2 Pre-discovered Areas 6 | . . 1 5 Known Exits Taken . | . . . . Unknown Exits Taken 3 | 1 1 1 . Scrap Searched 3 | . . 1 2 Spaces Dug 5 | . . 1 4 Terrain Destroyed 15 | . . 11 4 Melee 5 | . . 1 4 Projectile . | . . . . AOE 10 | . . 10 . Terrain Rammed . | . . . . Walls Destroyed . | . . . . Machines Disabled . | . . . . Actions | -11 -10 -10 -7 --------- Run | Yrd Mat Sub Scr Total 3524 | 75 608 673 2168 Wait 240 | . 43 197 . Move 3099 | 58 476 442 2123 Hop . | . . . . Pick Up 34 | 5 11 2 16 Fast Attach 14 | 7 3 1 3 Attach 11 | . 5 2 4 Detach 2 | . . . 2 Swap 17 | . 5 8 4 Drop 11 | . 1 2 8 Fire 78 | 5 63 10 . Melee 16 | . . 9 7 Ram 1 | . 1 . . Kick . | . . . . Crush . | . . . . Escape Stasis . | . . . . Rewire 1 | . . . 1 Trap . | . . . . Miscellaneous . | . . . . Route ------- -11/Scrapyard -10/Materials (discovered 3 exits: [*Mat x2] / [*Sub]) -10/Subcaves -7/Scraptown (discovered 2 exits: [*Fac x2]) History --------- Turn | Location | Event 10 | -11/Scrapyard | Discovered new exit (range 16) 77 | -11/Scrapyard | Entered Materials 262 | -10/Materials | Lost 3 parts (1p1n1u) 317 | -10/Materials | Build established: Mutant 484 | -10/Materials | Discovered new exit (range 5) 734 | -10/Materials | Discovered new exit (range 3) 972 | -10/Materials | Discovered new exit (range 15) 1002 | -10/Materials | Entered Subcaves 1003 | -10/Subcaves | Approached by a straggling Scientist 1025 | -10/Subcaves | Shifting Twisted Machinery released Spk. Treads 1089 | -10/Subcaves | Shifting Twisted Machinery released Battle Cannon 1376 | -10/Subcaves | Scientist uncovered a shortcut to Scraptown 1473 | -10/Subcaves | Core integrity fell below 50% 1486 | -10/Subcaves | A swath of the cavern ceiling suddenly collapsed 1808 | -10/Subcaves | Learned location of Zion (-7) 1808 | -10/Subcaves | Met a Zionite searching for "candidates" 2069 | -10/Subcaves | Core integrity fell below 20% 2149 | -10/Subcaves | Entered Scraptown 2152 | -7/Scraptown | System corruption cleaned by C-Scrubber 2265 | -7/Scraptown | Visited UFD Registry 2265 | -7/Scraptown | Registered with UFD as "Microcircuit" 2290 | -7/Scraptown | Visited Fellowship of the Rings 2313 | -7/Scraptown | Visited Red Mages 2340 | -7/Scraptown | Visited CR-KLE's Repair Center 2366 | -7/Scraptown | Visited Awakened 2386 | -7/Scraptown | Visited Bundlers 2437 | -7/Scraptown | Visited TADAMA 2455 | -7/Scraptown | Heard Great Nut preacher, LISTEN AND RECITE! 2476 | -7/Scraptown | Visited Science Testing Area 2521 | -7/Scraptown | Visited LU-1G1's Boring Crew 2537 | -7/Scraptown | Visited Scrap Suit Storage 2546 | -7/Scraptown | Found Scrap Suit 2573 | -7/Scraptown | Visited Junk Repository 2651 | -7/Scraptown | Delivered Scrap Shield to a Scientist 2798 | -7/Scraptown | Visited Cartography Club 2843 | -7/Scraptown | Found Surveybot 17 Chip 3048 | -7/Scraptown | Visited Research Penetration Think Tank 3076 | -7/Scraptown | Visited Infowarlord's Domain 3090 | -7/Scraptown | Found Exp. Terrain Scanner 3115 | -7/Scraptown | Visited Analyses Database 3165 | -7/Scraptown | Discovered new exit (range 26) 3170 | -7/Scraptown | Visited Derelict Rescue Squad 3193 | -7/Scraptown | Visited Curators Association 3244 | -7/Scraptown | Visited Observation Area 3611 | -7/Scraptown | Discovered new exit (range 7) 4246 | -7/Scraptown | Met Optimus 4246 | -7/Scraptown | Accepted into 0bPrime 4289 | -7/Scraptown | Civil war broke out across Scraptown 4314 | -7/Scraptown | Learned location of Proximity Caves (-4) 4314 | -7/Scraptown | Learned location of Hub_04(d) (-6) 4314 | -7/Scraptown | Learned location of Testing (-3) 4314 | -7/Scraptown | Learned location of Quarantine (-2) 4314 | -7/Scraptown | Learned 16 Materials zone layouts 4314 | -7/Scraptown | Learned 8 Factory zone layouts 4314 | -7/Scraptown | Learned 20 Factory zone layouts 4314 | -7/Scraptown | Learned 12 Research zone layouts 4314 | -7/Scraptown | Learned 16 Research zone layouts 4314 | -7/Scraptown | Learned 4 Storage zone layouts 4314 | -7/Scraptown | Learned 12 Lower Caves zone layouts 4314 | -7/Scraptown | Learned 24 Upper Caves zone layouts 4314 | -7/Scraptown | Learned location of 2 exits from Lower Caves 4314 | -7/Scraptown | Learned location of 3 exits from Proximity Caves 4369 | -7/Scraptown | Destroyed by PN-1Q0(j) with Overtuned Pulse Rifle Last Messages --------------- 04361_ JX-LR2(h) switches sides: "Sorry, the bolts are shinier on the other side!" 04363_ Dropped Sml. Storage Unit. 04363_ Bolt penetrates Q4-4PJ(j). 04363_ Bolt penetrates 77-XCP(b). 04363_ Bolt penetrates JX-LR2(h). 04364_ Destroyed Heat Sink. 04364_ RT-GWS(h) system corrupted by crushing effect. 04364_ RT-GWS(h) knocked back. 04365_ Bolt penetrates Wall. 04366_ Bolt penetrates Q4-4PJ(j). 04367_ Acquired Mak. Microdissipator Network. 04368_ Bolt penetrates Wall. 04368_ Penetrated by Bolt. 04368_ RT-GWS(h) system corrupted by crushing effect. 04368_ Dropped Mak. Microdissipator Network. 04368_ Bolt penetrates Wall. 04369_ RT-GWS(h) system terminally corrupted. Map ----- +----------------------------------------------------+ | | | | | | | | | | | | | | | | | ?????????????????????????????????????????????????? | | ???#???????????????????????????##????????????????? | | ?????????#???##????????#?????????????????????????? | | ?#???#???????#?????????????????#???????#?????????? | | ?????????????#???????????#???????????????????????? | | ????????????????????#????????????????????????????? | | ????????#??##?????#??????????????????????????????? | | ?##??????????#??????????????????????#?#??????????? | | ?????????#???????##?????????????#????????????????? | | ?????????##??????????????????????????????#???????? | | ??#????#???#????##???????????????????????????????? | | ??#?#???????#?#??##?#?#####??????????????#???????? | | ?#??????????#?#?#???###"%"##?????????????#???????? | | ?#??#?#??????####?????#"*"#??##?????????#????????? | | ?"?????"????## #?##?##%j=#?#????????????????????? | | ?????# ?"#??#%==!#####=!j=##????##?#?????????????? | | ??? ?????? ==*[!=!j![[bh*![####????##??#?#???????? | | ????? ?? [[!!=!h%![!!!%@!#?##??????????????????? | | #????##???#?# ########!##?????##??????????????? | | ????#?????#??# #???######%###???????????????????? | | ####?######### ##??# # # ##??????????#???????? | | ?##?""""""""# ###?# # # ## #?##?????#??????????? | | ####?" && " "# # ##### # #?#??#????????#???#?? | | "#??" "# # # # # ##????#?#???#?#?????? | | "#?##"" ""# # # ## #### ####??#??????????????? | | ]#??#" "# " "## # ######???????????????? | | "####"" ""# # ####X# #?#?#????????????????? | | "#?#" "# # ## #### # ###?#??#??????????#??? | | "##?#"" ""# # # # ##?#??#???#??#??????? | | *#### # ###*## #######?#?????#??????#?#??? | | "#### # # %[ #??#?#??##??????????? | | "###? # # #???????????#???????? | | ####??## #??## ## "###########?????#???#?????#??? | | ######## ##### ## ##?#???#?????#??#?????????#???? | | """""""" """"" "" "##########???#??##??????#????? | | "## " """"#??#?#?#???#????????? | | "## ""#???##???#??#???#???# | | "## "##????#????????#????? | | *"## ""#####?#?#???#???????? | | = ""#?#?#??????#????????? | | """""""""""""" ["## ""#?????????????#?????? | | """""""""""""" "## """"""#???#??#?#?????#????? | +----------------------------------------------------+ Best States ------------- Heat Dissipation 25 Energy Generation 14 Energy Capacity 250 Matter Stores 500 Matter Capacity 500 Sight Range 16 Robot Scan Range 14 Terrain Scan Range 30 Terrain Scan Density 10 Armor Coverage 800 Evasion (%) 44 Recoil Reduction 2 Item Schematics ----------------- Hcp. Storage Unit | -10/Materials | Hacked Robot Schematics ------------------ None Fabricated ------------ Nothing Repaired ---------- Nothing Alien Tech Used ----------------- None Achievements -------------- None Challenges ------------ None Game ------ Seed VortexPersonalExpander Manual? 1 Play Time 00:27:45 Cumulative 51.0 hours Start 2025.08.07 @ 17:02:03 End 2025.08.07 @ 17:28:35 Sessions 1 Manual Loads 0 Difficulty Rogue Special Mode None Game No. 23 Rogue 9 Adventurer 14 Explorer 0 Win Type - Total 4 Types 1/0/2/0/0/0/0/1/0/0 Lore% 46 Gallery% 40 Achievement% 41 Wizard Run 0 Options --------- Layout 2 ASCII 0 Keyboard 1 Movement Arrows Keybinds 0 Fullscreen 2 Font 24/Smallcaps Map View 50x44 Zoom Use 0% Tactical HUD 1 Map Filters NONE Filters NONE Steam 1 RUN: f382ece4-6477-4dc8-83e5-75c036f24602